 Dungeon Crawl Stone Soup version 0.17.0-22-g5edae84 (webtiles) character file.

5771 Gruud the Martial Artist (level 10, -7/73 HPs)
             Began as a Demonspawn Transmuter on Nov 12, 2015.
             Was a Priest of Makhleb.
             Killed by divine providence
             ... invoked by an orc priest
              (16 damage)
             ... on level 9 of the Dungeon.
             The game lasted 00:38:55 (7680 turns).

Gruud the Martial Artist (Demonspawn Transmuter)    Turns: 7680, Time: 00:38:55

Health: -7/73      AC: 18    Str: 11    XL:     10   Next: 49%
Magic:  14/14      EV: 12    Int: 14    God:    Makhleb [***...]
Gold:   228        SH:  0    Dex: 17    Spells: 6 memorised, 1 level left

rFire  + . .     SeeInvis +       - Unarmed
rCold  . . .     Clarity  .     m - +1 scale mail {rF+}
rNeg   . . .     SustAt   .     (no shield)
rPois  .         Gourm    +     (helmet restricted)
rElec  .         Spirit   .     b - +0 cloak
rCorr  .         Warding  .     (no gloves)
rMut   .         Stasis   .     a - +0 pair of boots
MR     .....                    g - amulet of the gourmand
Stlth  ..........               n - ring of see invisible
                                e - +5 ring of protection

@: not resistant to hostile enchantments, extremely unstealthy
A: antennae 1, claws 1, rugged brown scales 2, evolution 1, rot immunity
a: Minor Destruction, Lesser Servant of Makhleb, Renounce Religion


You were on level 9 of the Dungeon.
You worshipped Makhleb.
Makhleb was most pleased with you.
You were very full.

You visited 1 branch of the dungeon, and saw 9 of its levels.

You collected 393 gold pieces.
You spent 165 gold pieces at shops.

Inventory:

Hand Weapons
 l - a +2 dagger of venom
 F - a +0 mace of protection
Missiles
 j - 3 tomahawks
 u - 5 javelins (quivered)
 x - 14 poisoned needles
Armour
 a - a +0 pair of boots (worn)
 b - a +0 cloak (worn)
 m - a +1 scale mail of fire resistance (worn)
Jewellery
 e - a +5 ring of protection (left claw)
 g - an amulet of the gourmand (around neck)
 h - an uncursed ring of stealth
 n - a ring of see invisible (right claw)
 t - an uncursed ring of fire
Wands
 y - a wand of frost (34)
 C - a wand of fire (9)
 E - a wand of fireball (4)
Scrolls
 c - a scroll of torment {unknown}
 f - 8 scrolls of remove curse
 k - 4 scrolls of fear
 w - a scroll of enchant armour
 z - a scroll of enchant weapon
 G - 3 scrolls of teleportation
Potions
 o - 2 potions of haste
 q - 2 potions of brilliance
 r - a potion of magic {unknown}
 s - 2 potions of heal wounds {unknown}
 v - a potion of invisibility
 A - 3 potions of curing {unknown}
 B - a potion of lignification {unknown}
 D - a potion of agility {unknown}
Books
 p - a Fen Folio

   Spells                             Type                      Level
   a - Corpse Rot                     Necromancy                   2
   b - Stone Arrow                    Conjuration/Earth            3
   c - Leda's Liquefaction            Hexes/Earth                  4
   d - Summon Forest                  Summoning/Translocation      5
   e - Hydra Form                     Transmutation                6
   f - Summon Hydra                   Summoning                    7
 J - a book of Spatial Translocations

   Spells                             Type                      Level
   a - Apportation                    Translocation                1
   b - Blink                          Translocation                2
   c - Shroud of Golubria             Charms/Translocation         2
   d - Portal Projectile              Translocation                3
   e - Teleport Other                 Translocation                3
   f - Passage of Golubria            Translocation                4
Comestibles
 d - 8 bread rations
 i - 6 meat rations
 I - a slice of pizza


   Skills:
 + Level 3.6 Fighting
 + Level 6.4 Armour
 + Level 7.1 Dodging
 * Level 10.0 Unarmed Combat
 - Level 2.0 Spellcasting
 - Level 1.7 Transmutations
 - Level 5.7 Invocations


You had one spell level left.
You knew the following spells:

 Your Spells              Type           Power        Failure   Level  Hunger
a - Beastly Appendage     Trmt           #.....       65%         1    ##.....
b - Corpse Rot            Necr           N/A          98%         2    ###....
c - Apportation           Tloc           #.........   92%         1    ##.....
d - Blink                 Tloc           N/A          98%         2    ###....
e - Passage of Golubria   Tloc           N/A          100%        4    #####..
f - Shroud of Golubria    Chrm/Tloc      #.........   98%         2    ###....


Dungeon Overview and Level Annotations

Branches:
Dungeon (9/15)             Temple (0/1) D:5
   Lair: D:8-11         Orc: D:9-12

Altars:
Elyvilon
Fedhas
Kikubaaqudgha
Makhleb
Nemelex Xobeh
Okawaru
Ru
Trog
Xom

Shops:
D:6 *


Innate Abilities, Weirdness & Mutations

You have sharp fingernails.
You are mostly covered in rugged brown scales (AC +2, +5% HP).
You are immune to rotting.
You have a pair of small antennae on your head.
You evolve.


Message History

The orc priest hits your neqoxec with a whip.
Your crimson imp blinks!
Your shadow imp misses the orc warrior.
The orc priest closely misses your neqoxec.
Your iron imp hits the orc warrior.
Your neqoxec hits the orc priest!
The orc priest hits your neqoxec with a whip.
Your neqoxec hits the orc priest!
The orc priest dies!
Makhleb accepts your kill.
Your neqoxec hits the orc priest!
Your crimson imp blinks!
A demon appears!
You feel slightly less full. The orc warrior barely misses you.
You swap places.
Your crimson imp blinks!
The orc warrior barely misses your neqoxec.
Your neqoxec completely misses the orc warrior.
The orc priest mumbles some strange prayers to Beogh against you.
Something smites you!
You die...

#.....###### ######..........#
....)...........# ###
....))..........## ..#
######.3.........# #.# ..#
#...§.......# #.# ..#
#..55.......# #.######
..########3###########+###.......
.....÷...#.o.o3.@.............###
.#######.############............
.# #.#####..(..##..........#.
.#### ##....#......###########)#
....# #.....#..##..# #.#
###.###.##..#..#...###########.#
..#...#........#.............).#
#.###.#...........############.#
#.#...#.#.........##...).....#.##


You could see an orc warrior, an orc priest and 2 friendly neqoxecs.

Vanquished Creatures
  A hill giant (D:6)
  A wyvern (D:8)
  5 yaks (D:9)
  A hippogriff (D:7)
  A mottled dragon (D:7)
  An orc warrior (D:8)
  A black bear (D:8)
  2 eyes of draining (D:3)
  4 ogres
  A sky beast (D:7)
  3 phantoms
  An ice beast (D:5)
  A necrophage (D:8)
  4 centaurs
  4 giant frogs
  3 scorpions
  13 wights
  A centaur zombie (D:6)
  2 jellies
  4 crimson imps
  5 orc wizards
  2 giant frog zombies (D:8)
  An iguana (D:9)
  A giant frog skeleton (D:4)
  A gnoll shaman (D:6)
  5 hounds
  5 orc priests
  5 worker ants
  A hound zombie (D:5)
  14 gnolls
  A worker ant zombie (D:8)
  11 adders
  2 shadow imps (D:6)
  An adder skeleton (D:4)
  An ooze (D:4)
  2 worms (D:2)
  An adder zombie (D:7)
  2 giant geckos
  22 orcs
  10 giant cockroaches
  4 goblins
  12 hobgoblins
  8 jackals
  6 kobolds
  4 quokkas
  4 bats
  3 giant newts
  4 rats
  A rat zombie (D:6)
193 creatures vanquished.

Vanquished Creatures (collateral kills)
  Psyche (D:9)
  A water moccasin (D:9)
  A wight (D:8)
  2 orc priests (D:9)
  3 orcs (D:9)
8 creatures vanquished.

Vanquished Creatures (others)
  A bat (D:1)
  A plant (D:6)
2 creatures vanquished.

Grand Total: 203 creatures vanquished

Notes
Turn   | Place    | Note
--------------------------------------------------------------
     0 | D:1      | Gruud the Demonspawn Transmuter began the quest for the Orb.
     0 | D:1      | Reached XP level 1. HP: 15/15 MP: 3/3
    83 | D:1      | Reached skill level 3 in Unarmed Combat
   254 | D:1      | Gained mutation: You have sharp fingernails. [demonic ancestry]
   254 | D:1      | Reached XP level 2. HP: 21/21 MP: 3/5
   258 | D:1      | Learned a level 2 spell: Sticks to Snakes
   925 | D:2      | Gained mutation: You are immune to rotting. [demonic ancestry]
   925 | D:2      | Reached XP level 3. HP: 23/26 MP: 6/6
   956 | D:2      | Gained mutation: You evolve. [potion of beneficial mutation]
   957 | D:2      | Gained mutation: You have a pair of small antennae on your head. [potion of beneficial mutation]
  1118 | D:2      | Reached skill level 1 in Armour
  1325 | D:3      | Found a sparkling altar of Nemelex Xobeh.
  1451 | D:3      | Found a bloodstained altar of Trog.
  1451 | D:3      | Noticed an eye of draining
  1451 | D:3      | Noticed an eye of draining
  1476 | D:3      | Killed an eye of draining
  1476 | D:3      | Reached skill level 4 in Unarmed Combat
  1476 | D:3      | Reached XP level 4. HP: 27/32 MP: 0/7
  1476 | D:3      | Reached XP level 5. HP: 31/37 MP: 0/8
  1482 | D:3      | Killed an eye of draining
  1615 | D:3      | Reached skill level 5 in Unarmed Combat
  1615 | D:3      | Reached XP level 6. HP: 36/43 MP: 9/9
  2313 | D:4      | Reached XP level 7. HP: 39/48 MP: 10/10
  2540 | D:4      | Reached skill level 6 in Unarmed Combat
  2977 | D:4      | Found a shimmering altar of Xom.
  2977 | D:4      | Found a burning altar of Makhleb.
  2992 | D:4      | Became a worshipper of Makhleb the Destroyer
  3304 | D:5      | Entered Level 5 of the Dungeon
  3633 | D:5      | Reached skill level 1 in Invocations
  3674 | D:5      | Found a staircase to the Ecumenical Temple.
  3713 | D:5      | Reached XP level 8. HP: 32/54 MP: 11/11
  3740 | D:5      | Reached * piety under Makhleb
  3874 | D:5      | Reached skill level 7 in Unarmed Combat
  4068 | D:5      | Gained mutation: You are resistant to hostile enchantments. [evolution]
  4069 | D:5      | Found a blossoming altar of Fedhas.
  4232 | D:6      | Noticed a hill giant
  4439 | D:6      | Found Cateh's Assorted Antiques.
  4449 | D:6      | Bought a scroll of identify for 66 gold pieces
  4449 | D:6      | Bought a scroll of identify for 66 gold pieces
  4449 | D:6      | Bought a scroll labeled KERCHE WOTROTSAUMAS for 33 gold pieces
  4858 | D:6      | Reached skill level 5 in Dodging
  5153 | D:6      | Killed a hill giant
  5153 | D:6      | Reached skill level 5 in Armour
  5153 | D:6      | Reached skill level 8 in Unarmed Combat
  5153 | D:6      | Gained mutation: You are partially covered in rugged brown scales (AC +1, +3% HP). [demonic ancestry]
  5153 | D:6      | Reached XP level 9. HP: 45/60 MP: 12/12
  5204 | D:6      | Reached skill level 5 in Invocations
  5210 | D:6      | Found an ancient bone altar of Kikubaaqudgha.
  5320 | D:7      | Reached ** piety under Makhleb
  5466 | D:7      | Found a sacrificial altar of Ru.
  5673 | D:7      | Found a white marble altar of Elyvilon.
  5938 | D:8      | Reached skill level 9 in Unarmed Combat
  5951 | D:8      | Reached *** piety under Makhleb
  6463 | D:8      | Lost mutation: You are resistant to hostile enchantments. [evolution]
  6606 | D:8      | Gained mutation: You are mostly covered in rugged brown scales (AC +2, +5% HP). [demonic ancestry]
  6606 | D:8      | Reached XP level 10. HP: 60/70 MP: 14/14
  6671 | D:8      | Found an iron altar of Okawaru.
  6921 | D:9      | Noticed Psyche
  6930 | D:9      | Killed Psyche
  6978 | D:9      | Learned a level 1 spell: Apportation
  6981 | D:9      | Learned a level 2 spell: Blink
  6986 | D:9      | Learned a level 4 spell: Passage of Golubria
  6990 | D:9      | Learned a level 2 spell: Corpse Rot
  6993 | D:9      | Learned a level 2 spell: Shroud of Golubria
  7591 | D:9      | Reached skill level 10 in Unarmed Combat
  7620 | D:9      | Reached **** piety under Makhleb
  7680 | D:9      | Killed from afar by an orc priest

Action                   |  1- 3 |  4- 6 |  7- 9 | 10-12 || total
-------------------------+-------+-------+-------+-------++-------
Melee: Unarmed           |   172 |   109 |   571 |   170 ||  1022
Throw: Tomahawk          |       |     2 |     7 |       ||     9
       Javelin           |       |       |    18 |       ||    18
 Cast: Beastly Appendage |     7 |       |       |       ||     7
Invok: Lesser Servant of |       |       |       |     7 ||     7
  Use: Scroll            |     6 |     3 |     9 |       ||    18
       Potion            |     3 |       |     1 |     1 ||     5
 Stab: Sleeping          |     2 |       |       |       ||     2
       Distracted        |       |       |       |     1 ||     1
  Eat: Chunk             |    17 |     3 |    14 |     4 ||    38
